 Dungeon Crawl Stone Soup version 0.19.4-10-g532645f (webtiles) character file.

765 Mesmaeker13 the Chucker (level 7, -4/74 HPs)
             Began as an Ogre Hunter on Feb 24, 2017.
             Killed from afar by an orc wizard (10 damage)
             ... with a puff of flame
             ... on level 6 of the Dungeon.
             The game lasted 00:14:33 (7750 turns).

Mesmaeker13 the Chucker (Ogre Hunter)               Turns: 7750, Time: 00:14:34

Health: -4/74      AC:  3    Str: 19    XL:     7   Next: 81%
Magic:  7/7        EV: 11    Int: 11    God:
Gold:   250        SH:  0    Dex: 10    Spells: 0 memorised, 6 levels left

rFire  . . .     SeeInvis .     h - +0 giant club
rCold  + . .     Gourm    .     b - +0 robe
rNeg   . . .     Faith    .     (shield currently unavailable)
rPois  .         Spirit   .     (helmet restricted)
rElec  .         Reflect  .     (no cloak)
rCorr  .         Harm     .     (gloves unavailable)
MR     .....                    (boots unavailable)
Stlth  ++........               (no amulet)
                                m - ring of stealth
                                w - ring of protection from cold

@: no status effects
A: unfitting armour, tough skin 1
a: no special abilities


You were on level 6 of the Dungeon.
You were hungry.

You visited 2 branches of the dungeon, and saw 7 of its levels.

You collected 250 gold pieces.

Inventory:

Hand Weapons
 h - a +0 giant club (weapon)
 C - a +1 mace of protection
Missiles
 e - 5 needles of sleeping
 k - 14 poisoned needles
 A - 72 stones (quivered)
 G - 4 tomahawks
Armour
 b - a +0 robe (worn)
Jewellery
 m - a ring of stealth (right hand)
 w - a ring of protection from cold (left hand)
 y - a +4 ring of intelligence {unknown}
Wands
 d - a wand of iceblast (0/15)
Scrolls
 c - a scroll of recharging {unknown}
 g - a scroll of enchant armour {unknown}
 i - 3 scrolls of magic mapping
 l - 5 scrolls of remove curse
 o - 3 scrolls of teleportation
 q - a scroll of enchant weapon {unknown}
 r - a scroll of amnesia {unknown}
 x - a scroll of noise {unknown}
 B - a scroll of blinking {unknown}
 F - a scroll of immolation {unknown}
Potions
 a - a potion of agility {unknown}
 n - a potion of haste
 t - a potion of lignification {unknown}
Comestibles
 f - 3 bread rations
 j - 2 slices of pizza
 p - a chunk of flesh
 s - a beef jerky
 D - 2 meat rations


   Skills:
 + Level 5.9 Fighting
 + Level 4.7 Maces & Flails
 + Level 6.2 Throwing
 + Level 4.1 Dodging
 - Level 0.6 Stealth


You had 6 spell levels left.
You didn't know any spells.

Dungeon Overview and Level Annotations

Branches:
Dungeon (6/15)             Temple (1/1) D:5

Altars:
Ashenzari
Dithmenos
Elyvilon
Fedhas
Gozag
Kikubaaqudgha
Nemelex Xobeh
Okawaru
Ru
Sif Muna
Trog
Vehumet
Yredelemnul
Zin

Annotations:
D:5 StylePro's ghost, amateur SpEn


Innate Abilities, Weirdness & Mutations

You are too large for most types of armour.
You have tough skin. (AC +1)


Message History

The orc wizard hits you with a dagger.
The orc wizard points at you and mumbles some strange words.
The puff of frost hits you! You resist.
* * * LOW HITPOINT WARNING * * *
You closely miss the orc wizard.
The orc wizard is severely wounded.
You feel sick.
You are no longer poisoned.
The orc wizard hits you with a dagger.
* * * LOW HITPOINT WARNING * * *
You barely miss the orc wizard.
The orc wizard is severely wounded.
The orc wizard gestures at you while chanting.
The puff of flame hits you!
* * * LOW HITPOINT WARNING * * *
You barely miss the orc wizard.
The orc wizard is severely wounded.
The orc wizard casts a spell at you. The puff of flame hits you!
You die...

#.).((....##............ #
#.......(.##............
#.###.....†..(##............
#........)..)...............
#......o.................[..
################............
#...[...............
#.######.......[....
#.#....@............
#.#..###o...........
#.#<................
#.##.###............
#..................
############'##..........
#........................
#.............#..........
#.............#..........


You could see an orc wizard.

Vanquished Creatures
  An ogre (D:4)
  A centaur (D:6)
  2 scorpions
  2 hounds
  2 orc priests
  An orc wizard (D:5)
  An iguana (D:4)
  A worker ant (D:4)
  The ghost of derval the Charmwright, a weakling HESk (D:3)
  9 gnolls
  7 adders
  An ooze (D:2)
  2 adder skeletons (D:4)
  5 worms
  2 dart slugs (D:2)
  4 leopard geckos
  13 orcs
  A ball python (D:1)
  8 bats
  7 giant cockroaches
  7 goblins
  7 hobgoblins
  6 jackals
  4 kobolds
  5 quokkas
  5 frilled lizards
  A jackal skeleton (D:4)
  8 rats
  A spectral orc (D:4)
  2 fungi (D:6)
117 creatures vanquished.

Notes
Turn   | Place    | Note
-------+----------+-------------------------------------------
     0 | D:1      | Mesmaeker13 the Ogre Hunter began the quest for the Orb.
     0 | D:1      | Reached XP level 1. HP: 22/22 MP: 1/1
   144 | D:1      | Reached XP level 2. HP: 27/29 MP: 2/2
   759 | D:1      | Reached XP level 3. HP: 30/37 MP: 3/3
  1343 | D:2      | Found a faded altar of an unknown god.
  2314 | D:2      | Reached skill level 1 in Maces & Flails
  2314 | D:2      | Reached XP level 4. HP: 45/45 MP: 4/4
  3509 | D:3      | Found an ancient bone altar of Kikubaaqudgha.
  3681 | D:3      | Reached skill level 5 in Throwing
  3684 | D:3      | Reached XP level 5. HP: 54/54 MP: 5/5
  3771 | D:3      | Noticed derval's ghost (weakling HESk)
  4324 | D:3      | Reached XP level 6. HP: 55/63 MP: 6/6
  4437 | D:3      | Killed derval's ghost
  5308 | D:4      | Reached skill level 5 in Fighting
  5754 | D:4      | Reached XP level 7. HP: 61/72 MP: 7/7
  6076 | D:4      | Found a basalt altar of Yredelemnul.
  6272 | D:5      | Entered Level 5 of the Dungeon
  6277 | D:5      | Noticed StylePro's ghost (amateur SpEn)
  6310 | D:5      | Found an opulent altar of Gozag.
  6709 | D:5      | Found a staircase to the Ecumenical Temple.
  6713 | Temple   | Entered the Ecumenical Temple
  7309 | D:6      | Reached skill level 6 in Throwing
  7750 | D:6      | Killed from afar by an orc wizard

Skill      XL: |  1  2  3  4  5  6  7 |
---------------+----------------------+-----
Dodging        | 2 3 4 |  4.1
Fighting       | 3 4 5 |  5.9
Maces & Flails | 1 2 3 4 |  4.7
Throwing       | 5 6 |  6.2
Stealth        | |  0.6

Action                   |  1- 3 |  4- 6 |  7- 9 || total
-------------------------+-------+-------+-------++-------
Melee: Short sword       |    87 |       |       ||    87
       Club              |    94 |    88 |       ||   182
       Hand axe          |       |    34 |       ||    34
       Mace              |       |    55 |       ||    55
       Giant club        |       |    20 |   122 ||   142
Throw: Large rock        |    10 |    31 |     6 ||    47
       Throwing net      |       |     5 |     2 ||     7
       Stone             |       |       |     7 ||     7
Evoke: Wand              |       |       |     1 ||     1
  Use: Scroll            |     4 |     1 |     3 ||     8
       Potion            |       |     2 |     5 ||     7
 Stab: Sleeping          |     2 |     2 |       ||     4
       Distracted        |       |     1 |       ||     1
       Held in net/web   |       |     1 |       ||     1
  Eat: Chunk             |     5 |    11 |     4 ||    20
       Royal jelly       |       |       |     1 ||     1
Armor: Robe              |    59 |    58 |    34 ||   151
Dodge: Dodged            |   129 |   115 |    99 ||   343
